 Dungeon Crawl Stone Soup version 0.22-a0-348-gd16d139 (webtiles) character file.

104 Amnesiac the Skirmisher (level 4, -1/28 HPs)
             Began as a Deep Elf Fighter on Apr 11, 2018.
             Hit by a stone thrown by a kobold (2 damage)
             ... on level 2 of the Dungeon.
             The game lasted 00:04:35 (1793 turns).

Amnesiac the Skirmisher (Deep Elf Fighter)          Turns: 1793, Time: 00:04:35

Health: -1/28      AC:  0    Str: 14    XL:     4   Next: 52%
Magic:  6/6        EV: 19    Int: 18    God:
Gold:   68         SH:  0    Dex: 19    Spells: 2/3 levels left

rFire    . . .     SeeInvis .   a - +0 hand axe (venom)
rCold    . . .     Gourm    .   (no shield)
rNeg     . . .     Faith    .   (no armour)
rPois    .         Spirit   .   (no helmet)
rElec    .         Reflect  .   (no cloak)
rCorr    .         Harm     .   (no gloves)
MR       .....                  (no boots)
Stlth    +++.......             (no amulet)
HPRegen  0.09/turn              (no ring)
MPRegen  0.10/turn              (no ring)

@: brilliant, agile, lethally poisoned (-1 -> -3)
A: no striking features
a: no special abilities


You were on level 2 of the Dungeon.
You were not hungry.

You visited 1 branch of the dungeon, and saw 2 of its levels.

You collected 68 gold pieces.

Inventory:

Hand Weapons
 a - a +0 hand axe of venom (weapon)
 b - a +0 hunting sling
 k - a +0 long sword
Missiles
 e - 105 stones (quivered)
 j - 12 poisoned needles
Armour
 c - a +0 shield
 g - a +0 chain mail
 l - a +0 scale mail
Scrolls
 i - 2 scrolls of identify {!r, unknown}
 n - 3 scrolls of magic mapping {!r, unknown}
 o - a scroll of remove curse {!r, unknown}
 q - a scroll of fog {!r, unknown}
 r - a scroll of enchant armour {!r, unknown}
Potions
 d - a potion of might {!q}
Comestibles
 f - 3 rations


   Skills:
 + Level 3.1 Fighting
 - Level 2.0 Long Blades
 - Level 3.0 Armour
 - Level 3.0 Dodging
 - Level 2.4 Shields


You had 2 spell levels left.
You knew the following spells:

 Your Spells              Type           Power        Failure   Level  Hunger
z - Confusing Touch       Hex            ##....       2%          1    ##.....


Dungeon Overview and Level Annotations

Branches:
Dungeon (2/15)

Altars:
Uskayaw
Yredelemnul
Zin


Message History

s - a glowing black potion {!q} No target in view!
You now have 68 gold pieces (gained 13).
All of the chunks of flesh in your inventory have rotted away.
Key pressed, stopping explore.
No target in view!
An adder comes into view.
Found 17 gold pieces.
An adder is nearby!
An adder comes into view.
There are monsters nearby!
The helpless adder fails to defend itself.
You slash the adder!
The adder is severely wounded.
You closely miss the adder.
The adder hisses angrily.
The adder closely misses you. The adder bites you.
You are poisoned.
The adder poisons you! The adder bites you.
You hit the adder.
You kill the adder!
Your Fighting skill increases to level 3!
You closely miss the adder.
You feel sick. The adder barely misses you. x2
You closely miss the adder. The adder bites you. x2
* * * LOW HITPOINT WARNING * * *
You are more poisoned.
The adder poisons you!
You hit the adder but do no damage.
The adder is poisoned.
You feel sick. The adder closely misses you.
You completely miss the adder.
You feel sick. The adder bites you.
* * * LOW HITPOINT WARNING * * *
The adder bites you.
* * * LOW HITPOINT WARNING * * *
Really quaff
h - a bubbling amethyst potion {!q}?
It was a potion of agility {!q}.
You feel agile all of a sudden. The adder closely misses you.
Really quaff
m - a smoky blue potion {!q}?
It was a potion of magic {!q}.
Magic courses through your body. The adder bites you.
* * * LOW HITPOINT WARNING * * *
The adder barely misses you.
Really quaff
s - a glowing black potion {!q}?
It was a potion of brilliance {!q}.
You feel clever all of a sudden.
* * * LOW HITPOINT WARNING * * *
You feel sick. The adder barely misses you.
You hit the adder.
The adder looks even sicker.
The adder is almost dead.
The adder closely misses you. The adder barely misses you.
You completely miss the adder.
The adder is almost dead.
* * * LOW HITPOINT WARNING * * *
You feel sick. The adder barely misses you.
You miss the adder.
The adder is almost dead.
You kill the adder!
You see here 17 gold pieces.
A kobold comes into view. It is wielding a whip.
* * * LOW HITPOINT WARNING * * *
You feel sick.
Found a ration.
The kobold throws a stone.
The stone hits you.
You die...

##.>..# ##....#
......# #######
#.....# #. ..[..%.
......# #. .......
.#....# #..#
....... ####### #..
....... ..>
#####..####.......
##
.......$.@.......
###..##.......... #
#####.#...##.......
# ####.......###
.......
###........###
.....K.
.......###.#
#######
.########..# .###
#.## ...# #.#


You could see a kobold.

Vanquished Creatures
  A wight (D:2)
  2 adders (D:2)
  2 oozes (D:2)
  3 leopard geckos (D:1)
  3 goblins (D:1)
  7 hobgoblins (D:1)
  A ball python (D:1)
  5 bats
  3 frilled lizards
  6 kobolds
  4 rats
  2 plants (D:1)
39 creatures vanquished.

Notes
Turn   | Place    | Note
-------+----------+-------------------------------------------
     0 | D:1      | Amnesiac the Deep Elf Fighter began the quest for the Orb.
     0 | D:1      | Reached XP level 1. HP: 13/13 MP: 3/3
   111 | D:1      | Reached skill level 1 in Dodging
   180 | D:1      | Reached XP level 2. HP: 17/18 MP: 4/4
   638 | D:1      | Reached XP level 3. HP: 17/22 MP: 5/5
  1260 | D:2      | Found a hide-covered altar of Uskayaw.
  1274 | D:2      | Found a glowing silver altar of Zin.
  1275 | D:2      | Found a basalt altar of Yredelemnul.
  1399 | D:2      | Learned a level 1 spell: Confusing Touch
  1617 | D:2      | Reached XP level 4. HP: 26/27 MP: 4/6
  1792 | D:2      | HP: 1/28 [poisoned by an adder]
  1793 | D:2      | Hit by a stone thrown by a kobold

Vault maps used:
D:1:      zelgadis_glass_arrival_large, serial_bayou_lake_a
D:2:      gammafunk_temple_overflow_forgotten, minmay_misc_feat_ornament,
          guppyfry_early_lair_pool

Skill      XL: |  1  2  3  4 |
---------------+-------------+-----
Long Blades    | 2 |  2.0
Dodging        | 1 2 3 |  3.0
Armour         | 3 |  3.0
Fighting       | 3 |  3.1
Shields        | |  2.4

Action                   |  1- 3 |  4- 6 || total
-------------------------+-------+-------++-------
Melee: Long sword        |    46 |       ||    46
       Hand axe          |    70 |    10 ||    80
       Unarmed           |     2 |       ||     2
 Fire: Hunting sling     |    18 |       ||    18
 Cast: Confusing Touch   |     2 |       ||     2
  Use: Potion            |       |     3 ||     3
 Stab: Sleeping          |       |     1 ||     1
  Eat: Ration            |     1 |       ||     1
Armor: Scale mail        |    53 |       ||    53
       Chain mail        |    21 |       ||    21
Dodge: Dodged            |    45 |    13 ||    58
Block: Shield            |    60 |       ||    60
       Rpst.: Long sword |     7 |       ||     7

Table legend:
 A = Spawn XP
 B = Non-spawn XP
 C = Spawn XP percentage of total XP
 D = Spawn monster count
 E = Non-spawn monster count
 F = Spawn count percentage of total count
 G = Total turns spent on level
                    A         B        C        D         E        F      G
               +---------+---------+-------+---------+---------+-------+---------
         Total |       0 |     149 |   0.0 |       0 |      37 |   0.0 |  1793
               +---------+---------+-------+---------+---------+-------+---------
           D:1 |       0 |      47 |   0.0 |       0 |      27 |   0.0 |  1210
           D:2 |       0 |     102 |   0.0 |       0 |      10 |   0.0 |   583
               +---------+---------+-------+---------+---------+-------+---------
